 Dungeon Crawl Stone Soup version 0.18.1-48-g4cf74bf (webtiles) character file.

1210 tyranidshit the Chopper (level 8, -2/78 HPs)
             Began as a Deep Dwarf Fighter on July 23, 2016.
             Was a Believer of Makhleb.
             Slain by an orc warrior
             ... wielding a +0 flail
              (14 damage)
             ... on level 9 of the Dungeon.
             The game lasted 00:09:52 (1005 turns).

tyranidshit the Chopper (Deep Dwarf Fighter)        Turns: 1005, Time: 00:09:53

Health: -2/78      AC:  9    Str: 22    XL:     8   Next: 22%
Magic:  8/8        EV:  7    Int:  9    God:    Makhleb [**....]
Gold:   105        SH:  9    Dex: 12    Spells: 0 memorised, 7 levels left

rFire  . . .     SeeInvis .     a - +1 war axe
rCold  . . .     Gourm    .     b - +0 scale mail
rNeg   . . .     Faith    +     c - +0 shield
rPois  .         Spirit   .     (no helmet)
rElec  .         Dismiss  .     h - +0 cloak
rCorr  .         Reflect  .     (no gloves)
SustAt .         Harm     .     r - +0 pair of boots {run}
MR     +....                    p - amulet of faith
Stlth  ..........               (no ring)
                                (no ring)

@: non-regenerating, quick, somewhat resistant to hostile enchantments,
extremely unstealthy
A: damage resistance, recharge devices, sense surroundings 1, slow regeneration
3
a: Device Recharging, Minor Destruction, Renounce Religion


You were on level 9 of the Dungeon.
You worshipped Makhleb.
Makhleb was pleased with you.
You were hungry.

You visited 2 branches of the dungeon, and saw 10 of its levels.

You collected 105 gold pieces.

Inventory:

Hand Weapons
 a - a +1 war axe (weapon)
Armour
 b - a +0 scale mail (worn)
 c - a +0 shield (worn)
 h - a +0 cloak (worn)
 i - a +0 pair of boots
 r - a +0 pair of boots of running (worn)
Jewellery
 p - an amulet of faith (around neck)
Wands
 e - a wand of heal wounds (5/9)
 o - a wand of acid (0/15)
 s - a wand of lightning (2/15)
 t - a wand of flame (20/48)
Scrolls
 k - a scroll of amnesia
 l - 3 scrolls of recharging
 n - a scroll of identify
Potions
 d - a potion of might
 j - a potion of cancellation
Books
 m - a book of Burglary

   Spells                             Type                      Level
   a - Swiftness                      Charms/Air                   2
   b - Passwall                       Transmutation/Earth          2
   c - Passage of Golubria            Translocation                4
   d - Lee's Rapid Deconstruction     Earth                        5
   e - Darkness                       Hexes                        6
   f - Invisibility                   Hexes                        6
Miscellaneous
 u - a plain deck of summoning
Comestibles
 f - a bread ration
 g - 3 meat rations
 q - a royal jelly


   Skills:
 + Level 6.8 Fighting
 + Level 7.9 Axes
 - Level 3.4 Armour
 - Level 0.4 Dodging
 - Level 3.3 Shields


You had 7 spell levels left.
You didn't know any spells.

Dungeon Overview and Level Annotations

Branches:
Dungeon (9/15)             Temple (1/1) D:4
   Lair: D:8-11         Orc: D:9-12

Altars:
Cheibriados
Elyvilon
Fedhas
Gozag
Kikubaaqudgha
Makhleb
Nemelex Xobeh
Okawaru
Pakellas
Qazlal
Ru
Trog
Vehumet
Xom
Yredelemnul
The Shining One

Shops:
D:6 *

Annotations:
D:4 Dowan; Duvessa; Typee's ghost, amateur DsAK


Innate Abilities, Weirdness & Mutations

You are resistant to damage.
You can recharge devices by infusing magical energy.
You passively map a small area around you.
You do not regenerate naturally.


Message History

You block the orc warrior's attack.
You barely miss the orc wizard. You slash the orc warrior!
The orc warrior is severely wounded.
You block the orc wizard's attack. You block the orc warrior's attack.
Unknown command.
You closely miss the orc wizard.
You hit the orc warrior but do no damage.
The orc warrior is severely wounded.
The hound pauses to sniff the ground.
The orc wizard casts a spell at you. The puff of flame misses you.
The orc warrior hits you with a flail!
* * * LOW HITPOINT WARNING * * *
You hit the orc wizard.
The orc wizard is moderately wounded.
You hit the orc warrior.
The orc warrior is almost dead.
You closely miss the hound. You block the hound's attack.
The orc wizard looks braver for a moment.
The hound bites you but does no damage. The orc warrior hits you with a flail!
You die...

#...# , #.. #...#
#..##... *#...# ,
#..# #...# #..##...
#...# * #..# #...#
#..##... #...# *
#..###...# #..##...
#...# ,*
#..##....###..##...
, *
#.............##...
#.............##...
*
#...._.......)##...
* , , *
#)@.....####..##...
......ooh....#
#..##...
........###).#
#†)##... .........
...# #.†##...
..?..........#
#..##...
.............#
#.......
.............#
#..#.... , ,
...........
#..#.... , ,
#..#....


You could see an orc warrior, a hound and an orc wizard.

Vanquished Creatures
  A hippogriff (D:9)
  2 orc warriors
  A sky beast (D:9)
  2 black bears (D:9)
  An ice beast (D:9)
  An ogre (D:9)
  Blork the orc (D:4)
  2 giant frogs
  A scorpion (D:9)
  A centaur zombie (D:3)
  A hound (D:7)
  A worker ant (D:5)
  An orc wizard (D:9)
  An adder (D:6)
  2 shadow imps
  An ooze (D:3)
  An adder zombie (D:9)
  An adder skeleton (D:9)
  A worm (D:5)
  A dart slug (D:2)
  A giant gecko (D:2)
  12 orcs
  4 bats
  A giant cockroach (D:3)
  3 goblins (D:1)
  2 hobgoblins (D:2)
  3 jackals (D:9)
  A quokka (D:4)
  A giant gecko zombie (D:6)
  A giant newt (D:1)
  3 kobolds
  2 rats
58 creatures vanquished.

Notes
Turn   | Place    | Note
--------------------------------------------------------------
     0 | D:1      | tyranidshit the Deep Dwarf Fighter began the quest for the Orb.
     0 | D:1      | Reached XP level 1. HP: 20/20 MP: 1/1
    73 | D:1      | Reached XP level 2. HP: 22/27 MP: 2/2
   248 | D:3      | Reached XP level 3. HP: 21/34 MP: 3/3
   249 | D:3      | Reached skill level 3 in Axes
   256 | D:3      | Reached XP level 4. HP: 15/42 MP: 4/4
   283 | D:3      | Found an iron altar of Okawaru.
   322 | D:4      | Noticed Blork the orc
   335 | D:4      | Killed Blork the orc
   335 | D:4      | Reached skill level 4 in Axes
   335 | D:4      | Reached XP level 5. HP: 20/50 MP: 5/5
   353 | D:4      | Found a staircase to the Ecumenical Temple.
   362 | Temple   | Entered the Ecumenical Temple
   390 | Temple   | Became a worshipper of Makhleb the Destroyer
   420 | D:4      | Noticed Typee's ghost (amateur DsAK)
   429 | D:4      | Noticed Duvessa
   429 | D:4      | Noticed Dowan
   433 | D:5      | Entered Level 5 of the Dungeon
   569 | D:6      | Found Meriyng's Assorted Antiques.
   632 | D:6      | Identified a +0 pair of boots of running (You found it on level 6 of the Dungeon)
   672 | D:7      | Reached skill level 5 in Axes
   690 | D:7      | Reached XP level 6. HP: 44/58 MP: 6/6
   736 | D:8      | Noticed an orc warrior
   746 | D:8      | Killed an orc warrior
   746 | D:8      | Reached skill level 5 in Fighting
   851 | D:9      | Noticed an ice beast
   863 | D:9      | Noticed a hippogriff
   868 | D:9      | Noticed a sky beast
   888 | D:9      | Killed a hippogriff
   888 | D:9      | Reached skill level 6 in Axes
   888 | D:9      | Reached XP level 7. HP: 32/67 MP: 7/7
   890 | D:9      | Reached * piety under Makhleb
   924 | D:9      | Reached skill level 7 in Axes
   939 | D:9      | Reached XP level 8. HP: 24/78 MP: 8/8
   989 | D:9      | Found a glowing golden altar of the Shining One.
  1002 | D:9      | Reached ** piety under Makhleb
  1005 | D:9      | Slain by an orc warrior

Skill      XL: |  1  2  3  4  5  6  7 |
---------------+----------------------+-----
Fighting       | 3 4 5 6 |  6.8
Axes           | 3 4 5 6 7 |  7.9
Armour         | |  3.4
Dodging        | |  0.4
Shields        | |  3.3

Action                   |  1- 3 |  4- 6 |  7- 9 || total
-------------------------+-------+-------+-------++-------
Melee: War axe           |    54 |    55 |    52 ||   161
Evoke: Wand              |       |     9 |     2 ||    11
  Use: Scroll            |     2 |     5 |       ||     7
       Potion            |       |     2 |       ||     2
Armor: Scale mail        |    33 |    41 |    33 ||   107
Dodge: Dodged            |    35 |    28 |    25 ||    88
Block: Shield            |    44 |    49 |    42 ||   135
